 Dungeon Crawl Stone Soup version 0.21-a0-584-g185da8e (webtiles) character file.

135126 Amnesiac the Alchemist (level 17, -3/113 HPs)
             Began as an Octopode Transmuter on Dec 20, 2017.
             Was the Champion of Okawaru.
             Killed from afar by a deep elf annihilator (41 damage)
             ... with a bolt of lightning
             ... on level 1 of the Elven Halls.
             The game lasted 01:13:51 (34001 turns).

Amnesiac the Alchemist (Octopode Transmuter)       Turns: 34001, Time: 01:13:52

Health: -3/113     AC:  3    Str:  9    XL:     17   Next: 18%
Magic:  0/34       EV: 11    Int: 16    God:    Okawaru [******]
Gold:   2186       SH:  0    Dex: 27    Spells: 5/42 levels left

rFire    . . .     SeeInvis +   a - staff of energy
rCold    + . .     Gourm    .   (no shield)
rNeg     . . .     Faith    .   q - +2 hat {SInv}
rPois    .         Spirit   +   L - amulet of guardian spirit
rElec    .         Reflect  .   e - +4 ring of slaying
rCorr    +         Harm     .   i - ring of resist corrosion
MR       ++...                  h - ring of fire
Stlth    +++.......             r - ring of see invisible
HPRegen  0.28/turn              o - ring of Zesamnusk {rC+ EV+2 Str-3 Dex+2}
MPRegen  0.24/turn              J - ring of ice
                                k - ring "Plog" {+Fly Str+2 Dex+2}
                                p - ring "Amoestru" {MR+ Dex+5}

@: about to teleport, very slightly contaminated, held, heavily drained
A: almost no armour, stealthy swim, amphibious, 8 rings, constrict 8, camouflage
1, gelatinous body 1
a: Heroism, Finesse, Renounce Religion, Evoke Flight


You were on level 1 of the Elven Halls.
You worshipped Okawaru.
Okawaru was exalted by your worship.
You were not hungry.

You visited 5 branches of the dungeon, and saw 25 of its levels.
You also visited: Bailey, Ice Cave and Volcano.

You collected 2616 gold pieces.
You spent 430 gold pieces at shops.

Inventory:

Hand Weapons
 b - a +8 blowgun
Missiles
 l - 52 tomahawks of returning
 m - 89 poisoned needles
 t - 500 arrows
 v - 6 throwing nets
 y - 6 needles of confusion
 N - 7 curare-tipped needles
Armour
 q - a +2 hat of see invisible (worn)
Magical Staves
 a - an uncursed staff of energy (weapon)
Jewellery
 e - a +4 ring of slaying (left tentacle)
 h - a ring of fire (on tentacle)
 i - a ring of resist corrosion (right tentacle)
 k - the ring "Plog" (on tentacle) {+Fly Str+2 Dex+2}
   (You acquired it on level 9 of the Dungeon)

   [ring of flight]

   It affects your strength (+2).
   It affects your dexterity (+2).
   It lets you fly.
 o - the ring of Zesamnusk (on tentacle) {rC+ EV+2 Str-3 Dex+2}
   (You found it on level 7 of the Dungeon)

   [ring of evasion]

   It affects your evasion (+2).
   It affects your strength (-3).
   It affects your dexterity (+2).
   It protects you from cold.
 p - the ring "Amoestru" (on tentacle) {MR+ Dex+5}
   (You found it on level 6 of the Lair of Beasts)

   [ring of protection from magic]

   It affects your dexterity (+5).
   It affects your resistance to hostile enchantments.
 r - a ring of see invisible (on tentacle)
 J - a ring of ice (on tentacle)
 L - an amulet of guardian spirit (around mantle)
Wands
 Y - a wand of random effects (9)
 Z - a wand of acid (19)
Scrolls
 d - 6 scrolls of teleportation {!r}
 f - 9 scrolls of magic mapping {!r}
 n - 2 scrolls of vulnerability {!r}
 w - 3 scrolls of remove curse {!r}
 B - 5 scrolls of amnesia {!r}
 D - 2 scrolls of fear {!r}
 F - a scroll of summoning {!r}
 G - 2 scrolls of silence {!r}
 H - a scroll of blinking {!r}
 I - 3 scrolls of fog {!r}
 M - 11 scrolls of identify {!r}
Potions
 g - 2 potions of might {!q}
 j - 5 potions of curing {!q}
 u - 2 potions of magic {!q}
 x - a potion of ambrosia {!q}
 z - 2 potions of haste {!q}
 A - 7 potions of heal wounds {!q}
 E - 4 potions of brilliance {!q}
 K - 4 potions of mutation {!q}
 R - a potion of invisibility {!q}
 S - 5 potions of agility {!q}
 U - a potion of cancellation {!q}
Comestibles
 c - 39 rations
 s - 4 chunks of flesh


   Skills:
 + Level 9.4(7.1) Fighting
 + Level 9.4(7.1) Dodging
 * Level 12.9(10.5) Unarmed Combat
 - Level 13.0(10.5) Spellcasting
 - Level 5.0(3.0) Charms
 - Level 16.0(13.4) Transmutations
 - Level 5.0(3.0) Ice Magic
 + Level 9.3(7.1) Invocations


You had 5 spell levels left.
You knew the following spells:

 Your Spells              Type           Power        Failure   Level  Hunger
a - Spider Form           Tmut/Pois      ####......   1%          3    None
b - Sticks to Snakes      Tmut           ######..     1%          2    None
c - Confuse               Hex            #.......     26%         3    None
d - Ice Form              Ice/Tmut       ######..     3%          4    None
e - Dragon Form           Tmut           ######....   28%         7    None
f - Irradiate             Conj/Tmut      ####......   16%         5    None
g - Mephitic Cloud        Conj/Pois/Air  #.......     26%         3    None
h - Poisonous Vapours     Pois/Air       #.....       13%         2    None
s - Conjure Flame         Conj/Fire      ##......     26%         3    None
v - Blink                 Tloc           N/A          13%         2    None
w - Ozocubu's Armour      Chrm/Ice       ####....     8%          3    None


Dungeon Overview and Level Annotations

Branches:
Dungeon (15/15)            Temple (1/1) D:7            Lair (6/6) D:9
 Shoals (0/4) Lair:4       Spider (0/4) Lair:4        Slime (0/5) Lair:5
    Orc (2/2) D:10            Elf (1/3) Orc:2        Vaults (0/5) D:13
 Depths (0/5) D:15

Altars:
Ashenzari
Cheibriados
Dithmenos
Elyvilon
Fedhas
Gozag
Hepliaklqana
Kikubaaqudgha
Makhleb
Nemelex Xobeh
Okawaru
Qazlal
Sif Muna
Trog
Uskayaw
Vehumet
Xom
Yredelemnul
The Shining One
Beogh
Jiyva

Shops:
D:7 (   Orc:2 %%!(!


Innate Abilities, Weirdness & Mutations

You cannot wear most types of armour.
You are very stealthy in the water. (Stealth+)
You are amphibious.
You can wear up to eight rings at the same time.
You can use your tentacles to constrict eight enemies at once.
Your skin changes colour to match your surroundings (Stealth+).
Your rubbery body absorbs attacks. (AC +1, EV +1)


Message History

* * * LOW HITPOINT WARNING * * *
The jumping spider completely misses you.
The jumping spider bites you but does no damage.
You bite the redback!!
You kill the redback!
The redback's corpse disappears in a puff of smoke!
The jumping spider pounces on you but does no damage.
The jumping spider misses you.
You claw the hell rat!
You kill the hell rat!
The hell rat's corpse disappears in a puff of smoke!
The jumping spider closely misses you.
The jumping spider bites you but does no damage.
You maul the ice devil!!!
You kill the ice devil!
The jumping spider pounces on you but does no damage.
The jumping spider barely misses you.
The deep elf mage gestures wildly while chanting.
The deep elf mage blinks!
The deep elf mage gestures wildly while chanting.
The deep elf mage blinks!
You swing at nothing.
The jumping spider closely misses you. x2
The deep elf annihilator mumbles some strange words.
The deep elf annihilator blinks!
You closely miss the deep elf mage. The jumping spider pounces on you.
* * * LOW HITPOINT WARNING * * *
The jumping spider closely misses you.
The deep elf mage hits you but does no damage.
The jumping spider misses you.
The jumping spider bites you but does no damage.
You maul the deep elf mage!!!
You kill the deep elf mage!
Okawaru accepts your kill.
Your transformation has ended.
You feel perceptive. The jumping spider pounces on you!
* * * LOW HITPOINT WARNING * * *
You are caught in a web!
The jumping spider barely misses you.
Casting: Dragon Form
Confirm with . or Enter, or press ? or * to list all spells.
The spell is very dangerous to cast!
Continue anyway?
Okay, then.
Casting: Dragon Form
Confirm with . or Enter, or press ? or * to list all spells.
The spell is very dangerous to cast!
Continue anyway?
You miscast Dragon Form.
You are very lightly contaminated with residual magic.
Multicoloured lights dance before your eyes!
The jumping spider leaps!
The deep elf annihilator casts a spell.
The deep elf annihilator blinks!
Unknown command.
Okay, then.
Really read
d - 7 scrolls of teleportation {!r}?
As you read the scroll of teleportation {!r}, it crumbles to dust.
You feel strangely unstable. The deep elf mage casts a spell at you.
The bolt of negative energy hits you!
You feel drained.
* * * LOW HITPOINT WARNING * * *
The jumping spider leaps!
Really quaff
A - 8 potions of heal wounds {!q}?
You feel much better.
The deep elf annihilator gestures at you while chanting.
The bolt of lightning hits you!
You die...

### #.. #.# ## # #..
.. s. #.###. ...
#.#s. e..e
###.#.#..# #..@#..e#
#.. #.#.ee..'.: +.#
#...#s..##. #..
#.#.#.#..# #.#
#.#e#.. .... #.#
#...###. ... ###.#
#.†...#.. .. #...##
#.#.#.####+####.#)..
#.#...............##


You could see a deep elf annihilator, 2 deep elf magi and a jumping spider.

Vanquished Creatures
  Rupert (D:14)
  Kirke (D:13)
  Roxanne (D:15)
  An orc warlord (Bailey)
  Azrael (D:11)
  6 dire elephants (Lair:6)
  The ghost of SpeedyPerson7 the Severer, a journeyman MiBe of Trog (D:11)
  A fire dragon (Volcano)
  Fannar (D:10)
  4 vault guards (D:13)
  4 hydras
  An anaconda (Lair:6)
  3 centaur warriors
  2 dancing weapons
  9 two-headed ogres
  A vampire mage (D:15)
  6 orc high priests (Orc:2)
  Nergalle (D:9)
  Sonja (Lair:3)
  6 skeletal warriors (D:15)
  4 unseen horrors
  A golden dragon skeleton (D:15)
  A wizard (D:14)
  6 orc knights (Orc:2)
  Pikel (D:6)
  2 necromancers
  2 cyclopes
  3 oklob plants (Lair:5)
  An orc sorcerer (Orc:2)
  16 deep elf magi
  22 ugly things
  3 salamanders (Volcano)
  A centaur zombie (D:10)
  4 elephants (Lair:6)
  An ice statue (IceCv)
  3 black mambas
  2 gargoyles
  14 spiny frogs
  A torpor snail (Lair:5)
  2 rime drakes
  3 komodo dragons
  5 kobold demonologists
  An efreet (D:13)
  10 freezing wraiths (IceCv)
  A tengu conjurer (D:15)
  A guardian mummy (D:15)
  4 polar bears
  A troll (shapeshifter) (Elf:1)
  4 trolls
  Prince Ribbit (D:6)
  The ghost of kibaces the Stinger, a novice SpVM of Vehumet (D:9)
  Grinder (D:6)
  6 hippogriffs
  A spriggan zombie (D:15)
  2 deep troll zombies (D:15)
  3 slime creatures (D:14)
  15 blink frogs
  9 dream sheep
  4 shadows
  9 wyverns
  3 basilisks
  A wraith (D:13)
  A fire elemental (D:11)
  4 hogs (D:13)
  53 yaks
  12 fire bats
  3 vampire mosquitoes (D:14)
  5 steam dragons
  A warg (Orc:2)
  An acid dragon (D:13)
  A soldier ant (D:13)
  13 water moccasins
  5 porcupines
  7 hell hounds
  12 ice beasts
  39 orc warriors
  4 sky beasts
  A swamp drake (Orc:1)
  3 slaves (D:6)
  2 black bears
  14 ogres
  A necrophage (D:7)
  A phantom (D:5)
  A hornet zombie (D:15)
  12 wolves
  9 centaurs
  18 crocodiles
  12 big kobolds
  A gnoll sergeant (D:9)
  19 bullfrogs
  A wyvern zombie (D:9)
  A water moccasin zombie (D:9)
  A wyvern skeleton (D:15)
  5 scorpions
  12 killer bees
  13 wights
  7 howler monkeys
  3 bullfrog zombies
  15 crimson imps
  3 draconian simulacra (IceCv)
  A quasit (D:13)
  2 jellies
  2 lava snakes (D:10)
  4 hounds
  3 bullfrog skeletons
  2 centaur skeletons (D:11)
  21 orc wizards
  Crazy Yiuf (D:5)
  30 orc priests
  An iron imp (Orc:1)
  Jessica (D:3)
  4 iguanas
  6 troll simulacra (IceCv)
  4 polar bear simulacra (IceCv)
  5 spriggan simulacra (IceCv)
  9 worker ants
  A killer bee zombie (D:8)
  2 centaur simulacra
  A hound skeleton (D:7)
  A howler monkey zombie (D:5)
  13 gnolls
  3 naga simulacra (IceCv)
  2 ogre simulacra (IceCv)
  18 adders
  5 shadow imps
  13 white imps
  An ooze (D:2)
  2 adder zombies
  2 adder skeletons
  3 worms
  4 leopard geckos
  80 orcs
  2 bats
  5 giant cockroaches
  8 goblins
  3 hobgoblins
  7 jackals
  31 kobolds
  7 quokkas
  6 frilled lizards
  A leopard gecko zombie (D:8)
  A quokka skeleton (D:5)
  2 rats (D:2)
  2 fire vortices (D:10)
  A fungus (D:5)
  7 plants
874 creatures vanquished.

Vanquished Creatures (others)
  A steam dragon (Volcano)
  A big kobold (D:9)
  A bullfrog skeleton (D:13)
  2 orcs
  A giant cockroach (D:6)
  A kobold (Bailey)
  2 bushes (Lair:6)
  A fire vortex (D:10)
  13 fungi
  22 plants
  A withered plant (D:15)
46 creatures vanquished.

Grand Total: 920 creatures vanquished

Notes
Turn   | Place    | Note
-------+----------+-------------------------------------------
     0 | D:1      | Amnesiac the Octopode Transmuter began the quest for the Orb.
     0 | D:1      | Reached XP level 1. HP: 13/13 MP: 3/3
   275 | D:1      | Reached XP level 2. HP: 19/19 MP: 5/5
   279 | D:1      | Learned a level 2 spell: Sticks to Snakes
   575 | D:2      | Reached XP level 3. HP: 20/24 MP: 6/6
   735 | D:2      | Learned a level 3 spell: Spider Form
   949 | D:2      | Found a stormy altar of Qazlal.
   989 | D:2      | Reached XP level 4. HP: 25/30 MP: 7/7
  1536 | D:3      | Noticed Jessica
  1549 | D:3      | Killed Jessica
  1549 | D:3      | Reached XP level 5. HP: 22/35 MP: 8/8
  2620 | D:4      | Reached skill level 3 in Transmutations
  2620 | D:4      | Reached XP level 6. HP: 42/42 MP: 6/9
  2751 | D:4      | Noticed a hippogriff
  2797 | D:4      | Killed a hippogriff
  2797 | D:4      | Reached skill level 5 in Unarmed Combat
  3090 | D:4      | Reached XP level 7. HP: 37/46 MP: 10/10
  3159 | D:5      | Entered Level 5 of the Dungeon
  3483 | D:4      | Learned a level 4 spell: Ice Form
  3891 | D:5      | Reached skill level 4 in Transmutations
  4044 | D:5      | Found a runed door.
  4114 | D:5      | Noticed Crazy Yiuf
  4120 | D:5      | Killed Crazy Yiuf
  4120 | D:5      | Reached XP level 8. HP: 54/54 MP: 7/11
  4877 | D:6      | Noticed Pikel
  4899 | D:6      | Killed Pikel
  4899 | D:6      | Reached skill level 5 in Fighting
  4899 | D:6      | Reached skill level 5 in Dodging
  4899 | D:6      | Reached skill level 5 in Transmutations
  4899 | D:6      | Reached XP level 9. HP: 35/61 MP: 5/12
  5197 | D:6      | Noticed Prince Ribbit
  5205 | D:6      | Killed Prince Ribbit
  5268 | D:6      | Noticed Grinder
  5270 | D:6      | Paralysed by Grinder for 7 turns
  5281 | D:6      | Paralysed by Grinder for 7 turns
  5292 | D:6      | Killed Grinder
  5938 | D:7      | Found a staircase to the Ecumenical Temple.
  5953 | D:7      | Found Mehiv's Weapon Shoppe.
  5975 | Temple   | Entered the Ecumenical Temple
  6011 | Temple   | Became a worshipper of Warmaster Okawaru
  6073 | D:7      | Got a flickering silver ring
  6083 | D:7      | You fall through a shaft!
  6137 | D:8      | Noticed a two-headed ogre
  6159 | D:8      | Killed a two-headed ogre
  6159 | D:8      | Reached * piety under Okawaru
  6159 | D:8      | Reached skill level 6 in Transmutations
  6430 | D:7      | Reached skill level 1 in Invocations
  6509 | D:7      | Reached XP level 10. HP: 63/68 MP: 9/13
  6596 | D:7      | Identified the ring of Zesamnusk {rC+ EV+2 Str-3 Dex+2} (You found it on level 7 of the Dungeon)
  6610 | D:7      | Reached ** piety under Okawaru
  7816 | D:8      | Reached *** piety under Okawaru
  8229 | D:8      | Reached skill level 10 in Unarmed Combat
  8238 | D:8      | Reached skill level 7 in Transmutations
  8349 | D:8      | Noticed a three-headed hydra
  8360 | D:8      | Killed a one-headed hydra
  8360 | D:8      | Reached XP level 11. HP: 69/75 MP: 4/14
  8451 | D:9      | Noticed kibaces's ghost (novice SpVM)
  8480 | D:9      | Killed kibaces's ghost
  8480 | D:9      | Reached **** piety under Okawaru
  8600 | D:9      | Found a staircase to the Lair.
  8705 | D:9      | HP: 2/75 [big kobold/stone (2)]
  8742 | D:9      | Found a flagged portal.
  8768 | Bailey   | Entered a bailey
  8964 | Bailey   | Learned a level 3 spell: Confuse
  8975 | Bailey   | Noticed an orc warlord
  9084 | Bailey   | Found a runed gate.
  9086 | Bailey   | Found a runed gate.
  9088 | Bailey   | Found a runed gate.
  9109 | Bailey   | Reached ***** piety under Okawaru
 10406 | Bailey   | Killed an orc warlord
 10406 | Bailey   | Reached skill level 5 in Invocations
 10548 | D:9      | Identified a scroll of acquirement {!r}
 10549 | D:9      | Got a warped bronze ring
 10550 | D:9      | Identified the ring "Plog" {+Fly Str+2 Dex+2} (You acquired it on level 9 of the Dungeon)
 10565 | D:9      | Reached skill level 8 in Transmutations
 10764 | D:9      | Received a gift from Okawaru
 10769 | D:9      | Got a distressingly furry hat {god gift}
 10786 | D:9      | Identified the +0 hat of Darkness {rC+} (Okawaru gifted it to you on level 9 of the Dungeon)
 11258 | D:10     | Entered Level 10 of the Dungeon
 11389 | D:10     | Found a staircase to the Orcish Mines.
 11399 | D:10     | Noticed Nergalle
 11473 | D:10     | Noticed Fannar
 11493 | D:10     | Killed Fannar
 11493 | D:10     | Reached XP level 12. HP: 56/84 MP: 11/16
 11507 | D:9      | Killed Nergalle
 12532 | D:10     | Noticed a two-headed ogre
 12543 | D:10     | Killed a two-headed ogre
 12643 | D:11     | Noticed SpeedyPerson7's ghost (journeyman MiBe)
 13413 | D:11     | Killed SpeedyPerson7's ghost
 13413 | D:11     | Received a gift from Okawaru
 13414 | D:11     | Found the +2 shield of Resistance {rF+ rC+ MR+}
 13862 | D:12     | Reached skill level 9 in Transmutations
 13940 | D:12     | Noticed Azrael
 14413 | Lair:1   | Entered Level 1 of the Lair of Beasts
 14542 | Lair:1   | Reached skill level 10 in Transmutations
 15319 | Lair:2   | Reached XP level 13. HP: 89/89 MP: 7/19
 15367 | Lair:2   | Learned a level 7 spell: Dragon Form
 15367 | Lair:2   | Reached skill level 11 in Transmutations
 15367 | Lair:2   | Reached XP level 14. HP: 93/95 MP: 14/23
 15449 | Lair:2   | Reached skill level 12 in Transmutations
 16161 | Lair:3   | Found a frozen archway.
 16174 | IceCv    | Entered an ice cave
 16507 | IceCv    | Learned a level 5 spell: Irradiate
 16694 | IceCv    | Found an ancient bone altar of Kikubaaqudgha.
 17713 | Lair:3   | Received a gift from Okawaru
 17870 | Lair:3   | Noticed Sonja
 17877 | Lair:3   | Killed Sonja
 18472 | Lair:3   | Learned a level 3 spell: Ozocubu's Armour
 18475 | Lair:3   | Learned a level 2 spell: Poisonous Vapours
 18537 | Lair:4   | Found a hole to the Spider Nest.
 18542 | Lair:4   | Found a staircase to the Shoals.
 19117 | Lair:4   | Reached skill level 13 in Transmutations
 19453 | Lair:5   | Found a dark tunnel.
 19524 | Volcano  | Entered a volcano
 20396 | Volcano  | Reached skill level 14 in Transmutations
 20869 | Lair:5   | Found a runed door.
 21448 | Lair:5   | Found a staircase to the Slime Pits.
 21456 | Lair:5   | Found a viscous altar of Jiyva.
 21605 | Lair:6   | Entered Level 6 of the Lair of Beasts
 21628 | Lair:6   | Received a gift from Okawaru
 21714 | Lair:6   | Reached XP level 15. HP: 100/100 MP: 25/28
 21726 | Lair:6   | Received a gift from Okawaru
 21845 | Lair:6   | Reached skill level 10 in Spellcasting
 23559 | Lair:6   | Reached skill level 15 in Transmutations
 23581 | Lair:6   | Got a bloodstained hand axe
 24830 | Lair:6   | Got a sparkling golden ring
 24831 | Lair:6   | Identified the ring "Amoestru" {MR+ Dex+5} (You found it on level 6 of the Lair of Beasts)
 25461 | D:12     | Learned a level 3 spell: Mephitic Cloud
 26158 | D:12     | Identified the +2 hand axe of Odode {drain, *Corrode rC+++ Str+3 SInv} (You found it on level 6 of the Lair of Beasts)
 26465 | D:13     | Noticed Kirke
 26472 | D:13     | Received a gift from Okawaru
 26483 | D:13     | Killed Kirke
 26486 | D:13     | Got a translucent hunting sling {god gift}
 26695 | D:13     | Received a gift from Okawaru
 26697 | D:13     | Reached ****** piety under Okawaru
 26914 | D:13     | Found a gate to the Vaults.
 27171 | D:14     | Reached XP level 16. HP: 106/106 MP: 24/32
 27330 | D:14     | Reached skill level 1 in Charms
 27330 | D:14     | Reached skill level 1 in Ice Magic
 28213 | D:15     | Entered Level 15 of the Dungeon
 28217 | D:15     | Noticed Roxanne
 28227 | D:15     | Killed Roxanne
 28581 | D:15     | Found a staircase to the Depths.
 28767 | D:14     | Noticed Rupert
 28905 | D:14     | Killed Rupert
 29415 | D:15     | Reached skill level 16 in Transmutations
 29873 | D:11     | Received a gift from Okawaru
 30103 | D:11     | Killed Azrael
 30628 | Orc:1    | Entered Level 1 of the Orcish Mines
 30730 | Orc:1    | Got an ichor-stained hat
 30766 | D:10     | Learned a level 2 spell: Blink
 30771 | D:10     | Learned a level 3 spell: Conjure Flame
 31188 | Orc:2    | Entered Level 2 of the Orcish Mines
 31231 | Orc:2    | Found a burning altar of Makhleb.
 31244 | Orc:2    | Found a staircase to the Elven Halls.
 31357 | Orc:2    | Found Ludwixar's Food Shop.
 32330 | Orc:2    | Found a roughly hewn altar of Beogh.
 33052 | Orc:2    | Reached XP level 17. HP: 112/112 MP: 26/34
 33073 | Orc:2    | Reached skill level 5 in Charms
 33073 | Orc:2    | Reached skill level 5 in Ice Magic
 33192 | Orc:2    | Found Ahegyeg's Distillery.
 33192 | Orc:2    | Found Yfant's Food Shop.
 33193 | Orc:2    | Found Miurydoc's Distillery.
 33193 | Orc:2    | Found Icze's Antique Weapon Boutique.
 33206 | Orc:2    | Bought a potion of heal wounds for 85 gold pieces
 33206 | Orc:2    | Bought a potion of heal wounds for 85 gold pieces
 33207 | Orc:2    | Bought a potion of heal wounds for 65 gold pieces
 33207 | Orc:2    | Bought a potion of degeneration for 13 gold pieces
 33207 | Orc:2    | Bought 2 potions of lignification for 78 gold pieces
 33207 | Orc:2    | Bought a potion of cancellation for 104 gold pieces
 33234 | Orc:2    | Identified the cursed -1 hat of Boumi {rF++ Dex+4} (You found it on level 1 of the Orcish Mines)
 33349 | Elf:1    | Entered Level 1 of the Elven Halls
 34001 | Elf:1    | Killed from afar by a deep elf annihilator

Vault maps used:
D:1:      minmay_arrival_radiant_lines
D:2:      old_standard_altar
D:3:      first_ration, uniq_jessica
D:4:      kennysheep_boxes
D:5:      minmay_misc_feat_hallway, uniq_crazy_yiuf_cottage
D:6:      uniq_pikel, uniq_grinder, uniq_prince_ribbit1
D:7:      cheibrodos_steamvent, minmay_temple_entry_large_hall, serial_shops,
          shop, kennysheep_small_square
D:8:      hangedman_ranch, serial_bayou_pond_c
D:9:      david_lair_shrubbed, enter_bailey_2, special_room
D:10:     orc_0_dummy, hangedman_incinerator, uniq_fannar, uniq_nergalle
D:12:     uniq_azrael
D:13:     lightli_vaults_fourway_checkpoint, uniq_kirke
D:14:     uniq_rupert
D:15:     gammafunk_depths_entry_grave, serial_bayou_shore_b, uniq_roxanne
Temple:   compressed_dpeg_circular_temple
Lair:3:   portal_ice_cave_entry_pillars_1, cheibrodos_lair_lostbears, uniq_sonja
Lair:4:   shoals_dummy_entry, spider_nest_entry_web_field
Lair:5:   slime_altar_1, enter_volcano_3, pf_torpor_hydra,
          minmay_lair_oklob_chamber
Lair:6:   due_jungle_book, wad_woods_06, grunt_megastairs_3
Orc:1:    hangedman_minor_magic
Orc:2:    st_orc_pillars, basic_altar, serial_shops,
          nicolae_shop_window_shopping, bh_open_orc_temple
Elf:1:    elf_arrival_002, minmay_elf_annihilation, corexii_checkpoint_a,
          feat_on_display, uniq_nikola
Bailey:   bailey_axe_bossmonster_kennysheep, bailey
IceCv:    ice_cave_small_necro
Volcano:  pf_volcano_lost_world

Skill      XL: |  1  2  3  4  5  6  7  8  9 10 11 12 13 14 15 16 17 |
---------------+----------------------------------------------------+-----
Fighting       | 2 3 4 5 6 7 8 9 |  9.4
Unarmed Combat | 4 5 6 7 9 10 11 12 | 12.9
Dodging        | 3 4 5 6 7 8 9 |  9.4
Transmutations | 3 4 5 6 7 8 10 11 14 15 16 | 16.0
Invocations    | 1 3 5 8 9 |  9.3
Spellcasting   | 4 6 9 12 13 | 13.0
Charms         | 4 5 |  5.0
Ice Magic      | 4 5 |  5.0

Action                   |  1- 3 |  4- 6 |  7- 9 | 10-12 | 13-15 | 16-18 || total
-------------------------+-------+-------+-------+-------+-------+-------++-------
Melee: Unarmed           |    45 |    66 |   127 |   702 |   788 |   439 ||  2167
       Constrict         |    10 |     7 |    24 |    25 |    12 |     2 ||    80
       Tentacles         |     3 |     7 |    21 |    15 |    12 |     2 ||    60
       Staff             |       |     3 |    94 |    72 |    36 |     7 ||   212
       Punch             |       |     1 |     8 |    10 |    31 |    42 ||    92
       Falchion          |       |       |       |     3 |       |       ||     3
       Tailslap          |       |       |       |       |    39 |    77 ||   116
       Bite              |       |       |       |       |    28 |    52 ||    80
 Cast: Sticks to Snakes  |     2 |       |       |     4 |       |       ||     6
       Spider Form       |     1 |     8 |    20 |    75 |    16 |       ||   120
       Ice Form          |       |       |     1 |    12 |    31 |     1 ||    45
       Confuse           |       |       |       |    23 |       |       ||    23
       Dragon Form       |       |       |       |       |    19 |    48 ||    67
       Ozocubu's Armour  |       |       |       |       |       |     3 ||     3
 Abil: End Transformatio |       |       |       |     3 |     4 |     1 ||     8
       Evoke Berserk Rag |       |       |       |     1 |       |       ||     1
       Breathe Fire      |       |       |       |       |     1 |     1 ||     2
Evoke: Wand              |       |       |       |       |    14 |       ||    14
       Lightning rod     |       |       |       |       |     1 |       ||     1
  Use: Scroll            |     5 |       |     9 |    15 |     9 |     8 ||    46
       Potion            |       |       |       |     4 |     1 |     1 ||     6
 Stab: Sleeping          |     2 |     5 |    10 |    11 |     9 |     7 ||    44
       Distracted        |       |       |       |     1 |       |     1 ||     2
       Invisible         |       |       |       |     4 |       |       ||     4
  Eat: Chunk             |     1 |     6 |    12 |    24 |    25 |    25 ||    93
       Ration            |       |       |       |     2 |     4 |     1 ||     7
Armor: Skin              |     3 |     1 |     6 |    27 |   143 |   146 ||   326
Dodge: Dodged            |    25 |    58 |   129 |   658 |   602 |   300 ||  1772
Block: Other             |       |       |    16 |    68 |       |       ||    84
       Reflection        |       |       |     1 |     8 |       |       ||     9

Table legend:
 A = Spawn XP
 B = Non-spawn XP
 C = Spawn XP percentage of total XP
 D = Spawn monster count
 E = Non-spawn monster count
 F = Spawn count percentage of total count
 G = Total turns spent on level
                    A         B        C        D         E        F      G
               +---------+---------+-------+---------+---------+-------+---------
         Total |       0 |  170773 |   0.0 |       0 |     859 |   0.0 | 34001
               +---------+---------+-------+---------+---------+-------+---------
           D:1 |       0 |      14 |   0.0 |       0 |       8 |   0.0 |   495
           D:2 |       0 |      93 |   0.0 |       0 |      15 |   0.0 |  1013
           D:3 |       0 |     128 |   0.0 |       0 |      14 |   0.0 |   939
           D:4 |       0 |     393 |   0.0 |       0 |      13 |   0.0 |  1079
           D:5 |       0 |    1078 |   0.0 |       0 |      24 |   0.0 |  1219
           D:6 |       0 |    1692 |   0.0 |       0 |      21 |   0.0 |  1186
           D:7 |       0 |    1736 |   0.0 |       0 |      27 |   0.0 |  1085
           D:8 |       0 |    4212 |   0.0 |       0 |      35 |   0.0 |  1398
           D:9 |       0 |    5215 |   0.0 |       0 |      64 |   0.0 |  1637
          D:10 |       0 |    6358 |   0.0 |       0 |      40 |   0.0 |  1454
          D:11 |       0 |    7064 |   0.0 |       0 |      32 |   0.0 |  2096
          D:12 |       0 |    4598 |   0.0 |       0 |      29 |   0.0 |  1182
          D:13 |       0 |   17095 |   0.0 |       0 |      48 |   0.0 |   730
          D:14 |       0 |   19507 |   0.0 |       0 |      55 |   0.0 |  1328
          D:15 |       0 |   15524 |   0.0 |       0 |      29 |   0.0 |  1309
        Lair:1 |       0 |    2748 |   0.0 |       0 |      20 |   0.0 |   748
        Lair:2 |       0 |    4962 |   0.0 |       0 |      24 |   0.0 |  1048
        Lair:3 |       0 |    5034 |   0.0 |       0 |      17 |   0.0 |  1141
        Lair:4 |       0 |    1381 |   0.0 |       0 |       5 |   0.0 |   898
        Lair:5 |       0 |    6449 |   0.0 |       0 |      20 |   0.0 |  1205
        Lair:6 |       0 |   22717 |   0.0 |       0 |      61 |   0.0 |  3361
         Orc:1 |       0 |    2290 |   0.0 |       0 |      35 |   0.0 |  1289
         Orc:2 |       0 |   16715 |   0.0 |       0 |     102 |   0.0 |  1681
         Elf:1 |       0 |    8019 |   0.0 |       0 |      14 |   0.0 |   391
        Bailey |       0 |    2068 |   0.0 |       0 |      27 |   0.0 |  1700
         IceCv |       0 |    6112 |   0.0 |       0 |      54 |   0.0 |  1197
       Volcano |       0 |    7571 |   0.0 |       0 |      26 |   0.0 |  1121
               +---------+---------+-------+---------+---------+-------+---------
